 Dungeon Crawl Stone Soup version 0.21-a0-522-ga8338f0 (webtiles) character file.

11 Dawnplanks the Skirmisher (level 2, 27/27 HPs)
             Began as a Hill Orc Fighter on Dec 6, 2017.
             Quit the game on level 1 of the Dungeon.
             The game lasted 00:01:10 (510 turns).

Dawnplanks the Skirmisher (Hill Orc Fighter)         Turns: 510, Time: 00:01:10

Health: 27/27      AC:  5    Str: 18    XL:     2   Next: 29%
Magic:  2/2        EV:  8    Int:  8    God:
Gold:   64         SH:  9    Dex: 10    Spells: 1/1 levels left

rFire    . . .     SeeInvis .   a - +0 war axe
rCold    . . .     Gourm    .   c - +0 shield
rNeg     . . .     Faith    .   l - +0 leather armour (curse)
rPois    .         Spirit   .   (no helmet)
rElec    .         Reflect  .   (no cloak)
rCorr    +         Harm     .   (no gloves)
MR       .....                  g - +1 pair of boots
Stlth    +.........             (no amulet)
HPRegen  0.09/turn              o - ring of resist corrosion
MPRegen  0.08/turn              (no ring)

@: no status effects
A: no striking features
a: no special abilities


You were on level 1 of the Dungeon.
You were not hungry.

You visited 1 branch of the dungeon, and saw 1 of its levels.

You collected 64 gold pieces.

Inventory:

Hand Weapons
 a - a +0 war axe (weapon)
Armour
 b - a +0 scale mail
 c - a +0 shield (worn)
 g - a +1 pair of boots (worn)
 l - a cursed +0 leather armour (worn)
Jewellery
 o - a ring of resist corrosion (left hand)
Scrolls
 e - a scroll of remove curse {unknown}
 h - a scroll of enchant armour {unknown}
 j - a scroll of enchant weapon {unknown}
 k - a scroll of immolation {unknown}
 m - 2 scrolls of magic mapping
 n - a scroll of teleportation {unknown}
Potions
 d - a potion of might
 i - a potion of heal wounds {unknown}
Comestibles
 f - a bread ration


   Skills:
 + Level 3.8 Fighting
 + Level 2.8 Axes
 + Level 3.6 Armour
 + Level 3.4 Shields


You had one spell level left.
You didn't know any spells.

Dungeon Overview and Level Annotations

Branches:
Dungeon (1/15)

Altars:


Message History

No target in view!
No target in view!
No target in view!
No target in view!
No target in view!
You see here a goblin corpse.
You open the door.
There is an open door here.
You see here a glowing leather armour.
l - a glowing leather armour You start removing your armour.
You continue taking off your +0 scale mail. x4
You finish taking off your +0 scale mail.
You start putting on your armour.
You continue putting on your glowing leather armour. x5
You finish putting on your cursed +0 leather armour.
Oops, that feels deathly cold.
As you read the scroll labeled MEURPH TUOS, it crumbles to dust.
You feel aware of your surroundings.
It was a scroll of magic mapping.
Are you sure you want to abandon this character and quit the game? (Confirm with "yes".)

.......#,*,* #...........##...#
#...####,#.#####....#########..#
'......#+#.......##.#,..# #..#
#...........[...###.#...# #..#
###.................#...# #..#
#.............#####...######.##
#.............................#
#.............##......#######.#
#.............@'......+........
###.............##......########.
...........#.#####†.......,,,,*#.
...........#...........#.#***,*#.
...........########.#..#,,,,*,*#.
...........'.# ****+#..#*****,*#.
#######....#.# *,,,,,,...,,,,,*#.
#....#.# *,,,,,,>.##**,,*##
#†...#.# *,,,,,,,.# *,,**#


There were no monsters in sight!

Vanquished Creatures
  2 giant cockroaches (D:1)
  2 goblins (D:1)
  A hobgoblin (D:1)
  A kobold (D:1)
  A ball python (D:1)
  A bat (D:1)
  A frilled lizard (D:1)
  2 rats (D:1)
11 creatures vanquished.

Notes
Turn   | Place    | Note
-------+----------+-------------------------------------------
     0 | D:1      | Dawnplanks the Hill Orc Fighter began the quest for the Orb.
     0 | D:1      | Reached XP level 1. HP: 19/19 MP: 1/1
   391 | D:1      | Reached XP level 2. HP: 27/27 MP: 2/2
   510 | D:1      | Quit the game

Vault maps used:
D:1:      minmay_arrival_four_circles

Action                   || total
-------------------------++-------
Melee: War axe           ||    30
  Use: Scroll            ||     1
Armor: Scale mail        ||    17
Dodge: Dodged            ||    13
Block: Shield            ||    15

Table legend:
 A = Spawn XP
 B = Non-spawn XP
 C = Spawn XP percentage of total XP
 D = Spawn monster count
 E = Non-spawn monster count
 F = Spawn count percentage of total count
 G = Total turns spent on level
                    A         B        C        D         E        F      G
               +---------+---------+-------+---------+---------+-------+---------
         Total |       0 |      17 |   0.0 |       0 |      11 |   0.0 |   510
               +---------+---------+-------+---------+---------+-------+---------
           D:1 |       0 |      17 |   0.0 |       0 |      11 |   0.0 |   510
               +---------+---------+-------+---------+---------+-------+---------
